 Dungeon Crawl Stone Soup version 0.20-a0-791-gf6451d4 (webtiles) character file.

58 Espgualade the Magician (level 4, -1/25 HPs)
             Began as a Tengu Ice Elementalist on Mar 1, 2017.
             Slain by an orc wizard
             ... wielding a +0 dagger
              (4 damage)
             ... on level 3 of the Dungeon.
             The game lasted 00:05:37 (2378 turns).

Espgualade the Magician (Tengu Ice Elementalist)    Turns: 2378, Time: 00:05:37

Health: -1/25      AC:  2    Str:  8    XL:     4   Next: 1%
Magic:  7/9        EV: 13    Int: 17    God:
Gold:   122        SH:  0    Dex: 14    Spells: 3/9 levels left

rFire    . . .     SeeInvis .   g - +0 dagger
rCold    . . .     Gourm    .   a - +0 robe
rNeg     . . .     Faith    .   (no shield)
rPois    +         Spirit   .   (helmet restricted)
rElec    .         Reflect  .   (no cloak)
rCorr    .         Harm     .   (no gloves)
MR       .....                  (boots unavailable)
Stlth    ++........             (no amulet)
Regen    0.1/turn               (no ring)
MPRegen  0.2/turn               e - ring of poison resistance

@: no status effects
A: beak, talons 3
a: no special abilities


You were on level 3 of the Dungeon.
You were not hungry.

You visited 1 branch of the dungeon, and saw 3 of its levels.

You collected 122 gold pieces.

Inventory:

Hand Weapons
 g - a +0 dagger (weapon)
Armour
 a - a +0 robe (worn)
Jewellery
 e - a ring of poison resistance (left hand)
Scrolls
 d - 3 scrolls of identify
 h - 2 scrolls of remove curse
 i - a scroll of recharging
Books
 b - a book of Frost

   Spells                             Type                      Level
   a - Freeze                         Ice                          1
   b - Throw Frost                    Conjuration/Ice              2
   c - Ozocubu's Armour               Charms/Ice                   3
   d - Throw Icicle                   Conjuration/Ice              4
   e - Summon Ice Beast               Ice/Summoning                4
Comestibles
 c - a bread ration
 k - a meat ration


   Skills:
 - Level 1.1 Fighting
 + Level 2.7 Dodging
 + Level 2.6 Stealth
 - Level 3.0 Spellcasting
 - Level 1.3 Conjurations
 - Level 2.6 Ice Magic


You had 3 spell levels left.
You knew the following spells:

 Your Spells              Type           Power        Failure   Level  Hunger
a - Freeze                Ice            ##..         10%         1    None
b - Throw Frost           Conj/Ice       #.....       14%         2    ##.....
c - Ozocubu's Armour      Chrm/Ice       #.......     30%         3    ###....


Dungeon Overview and Level Annotations

Branches:
Dungeon (3/15)

Altars:
Wu Jian

Annotations:
D:2 Sigmund


Innate Abilities, Weirdness & Mutations

You have a beak for a mouth.
You have claws for feet.


Message History

You bump into the rock wall.
The goblin hits you.
You fade into invisibility!
The orc wizard gestures at you while chanting.
The magic dart hits you!
* * * LOW HITPOINT WARNING * * *
The goblin misses you.
You are very lightly contaminated with residual magic.
It was a potion of haste.
You feel yourself speed up.
The orc wizard hits you but does no damage.
The goblin closely misses you.
It was a potion of cancellation.
Your magical effects are unravelling.
You feel magically purged.
Your magical contamination has completely faded away.
You feel yourself slow down.
You flicker back into view.
You feel less confused.
As you read the scroll labeled HIG IWONNE, it crumbles to dust.
The scroll dissolves into smoke.
It was a scroll of fog.
The orc wizard hits you with a dagger.
You die...

##### #.#.# ##.#.#
§§§.#
#g#.##############
#@#...............
#o#.######.#######
#§§..# #.#
#####.## #.#
#..o..# #.#
#.##### #.## #.#
#..# #.. ######.#
#o.# ..#?$#.#


You could see an orc wizard and a goblin.

Vanquished Creatures
  An adder (D:3)
  3 dart slugs
  3 leopard geckos
  5 bats
  A giant cockroach (D:1)
  6 goblins
  6 hobgoblins
  5 kobolds
  A ball python (D:2)
  A frilled lizard (D:1)
  A jackal skeleton (D:3)
  4 rats
37 creatures vanquished.

Notes
Turn   | Place    | Note
-------+----------+-------------------------------------------
     0 | D:1      | Espgualade the Tengu Ice Elementalist began the quest for the Orb.
     0 | D:1      | Reached XP level 1. HP: 10/10 MP: 4/4
   151 | D:1      | Reached skill level 1 in Fighting
   564 | D:1      | Reached XP level 2. HP: 16/16 MP: 1/6
   904 | D:1      | Learned a level 2 spell: Throw Frost
  1367 | D:1      | Reached XP level 3. HP: 19/20 MP: 5/8
  1382 | D:1      | Learned a level 3 spell: Ozocubu's Armour
  1427 | D:2      | Reached skill level 3 in Spellcasting
  1825 | D:2      | Noticed Sigmund
  1917 | D:3      | Found an ornate altar of the Wu Jian Council.
  2315 | D:3      | Reached XP level 4. HP: 25/25 MP: 1/9
  2378 | D:3      | Slain by an orc wizard

Vault maps used:
D:1:      dpeg_arrival_arbitrary_c
D:2:      hangedman_decor_peaks_small, grunt_decor_resistance,
          nemelex_spade_bored_becter, uniq_sigmund
D:3:      minmay_wonky_spiral, lemuel_crystal_altar, lemuel_doored_altar

Skill      XL: |  1  2  3 |
---------------+----------+-----
Fighting       | 1 |  1.1
Spellcasting   | 3 |  3.0
Dodging        | |  2.7
Stealth        | |  2.6
Conjurations   | |  1.3
Ice Magic      | |  2.6

Action                   |  1- 3 |  4- 6 || total
-------------------------+-------+-------++-------
Melee: Kick              |     7 |       ||     7
       Unarmed           |     1 |       ||     1
       Dagger            |    38 |     2 ||    40
       Peck              |     7 |       ||     7
 Cast: Freeze            |    43 |     1 ||    44
       Throw Frost       |     1 |       ||     1
  Use: Scroll            |     5 |     1 ||     6
       Potion            |       |     3 ||     3
 Stab: Sleeping          |     3 |       ||     3
       Distracted        |     1 |       ||     1
  Eat: Chunk             |     5 |       ||     5
Armor: Robe              |    13 |       ||    13
Dodge: Dodged            |    41 |     3 ||    44
